 Dungeon Crawl Stone Soup version 0.29.1-1-gd02db6906a (webtiles) character file.

Game seed: 9791704014898277951

107 Colgate the Trooper (level 5, -2/44 HPs)
             Began as a Formicid Hunter on Oct 6, 2022.
             Was a Believer of Trog.
             Slain by an orc wizard
             ... wielding a +0 dagger
              (4 damage)
             ... on level 3 of the Dungeon.
             The game lasted 00:06:14 (2201 turns).

Colgate the Trooper (Formicid Hunter)               Turns: 2201, Time: 00:06:15

Health: -2/44      AC:  3    Str: 17    XL:     5   Next: 11%
Magic:  5/5        EV: 12    Int:  9    God:    Trog [**....]
Gold:   87         SH:  0    Dex: 17    Spells: 4/4 levels left

rFire   . . .      SeeInvis +   a - +0 shortbow
rCold   . . .      Faith    .   (no shield)
rNeg    . . .      Spirit   .   c - +0 leather armour
rPois   .          Reflect  +   (helmet unavailable)
rElec   .          Harm     .   (no cloak)
rCorr   .          Rampage  .   (no gloves)
Will    .....                   (no boots)
Stlth   +.........              h - amulet of reflection
HPRegen 0.14/turn               (no ring)
MPRegen 0.09/turn               (no ring)

@: confused
A: permanent stasis, dig shafts and tunnels, antennae 3, four strong arms
a: Dig, Shaft Self, Renounce Religion, Trog's Hand


You were on level 3 of the Dungeon.
You worshipped Trog.
Trog was pleased with you.
You visited 1 branch of the dungeon, and saw 3 of its levels.

You collected 87 gold pieces.

Inventory:

Hand Weapons
 a - a +0 shortbow (weapon)
Armour
 c - a +0 leather armour (worn)
 n - the +0 robe of Lipliedi {Int+8}
   (You found it on level 2 of the Dungeon)

   Int:       It affects your intelligence (+8).
Jewellery
 h - an amulet of reflection (around neck)
Wands
 r - a wand of flame (14)
Scrolls
 b - a scroll of immolation
 e - 2 scrolls of fear {unknown}
 f - 2 scrolls of poison {unknown}
 i - 3 scrolls of identify {unknown}
 j - 5 scrolls of blinking {unknown}
 m - a scroll of summoning {unknown}
 p - a scroll of brand weapon {unknown}
 q - a scroll of enchant armour {unknown}
 s - a scroll of teleportation {unknown}
 t - a scroll of vulnerability {unknown}
 v - a scroll of noise {unknown}
Potions
 d - a potion of heal wounds {unknown}
 g - 5 potions of brilliance {unknown}
 k - a potion of degeneration {unknown}
 l - a potion of attraction {unknown}
 o - a potion of haste {unknown}
 u - a potion of curing {unknown}


   Skills:
 + Level 5.1 Fighting
 - Level 4.0 Ranged Weapons
 - Level 1.7 Dodging
 - Level 2.1 Stealth


You had 4 spell levels left.
You didn't know any spells.
Your spell library was empty.

Dungeon Overview and Level Annotations

Branches:
Dungeon (3/15)

Altars:
Trog

Shops:
D:1 :


Innate Abilities, Weirdness & Mutations

You cannot be hasted, slowed, berserked, paralysed or teleported.
You can dig through walls and to a lower floor.
You have a pair of large antennae on your head. (SInv)
Your four strong arms can wield two-handed weapons with a shield.


Message History

The orc wizard casts a spell at you. The puff of flame hits you.
The orc wizard hits you but does no damage.
You shoot an arrow.
The orc wizard gestures at you while chanting.
The puff of flame misses you.
The orc wizard hits you with a +0 dagger.
You shoot an arrow.
The orc wizard gestures at you while chanting.
The magic dart hits you!
The orc wizard hits you with a +0 dagger.
The orc wizard closely misses you.
You shoot an arrow. The arrow hits the orc wizard.
The orc wizard gestures at you while chanting.
You resist with some effort. The orc wizard closely misses you.
You shoot an arrow. The arrow hits the orc wizard.
The orc wizard hits you but does no damage.
The orc wizard closely misses you.
The orc wizard gestures at you while chanting.
You are more confused.
The orc wizard hits you but does no damage.
You shoot an arrow.
The orc wizard hits you but does no damage.
The orc wizard barely misses you.
You shoot an arrow. The arrow misses the orc wizard.
The orc wizard hits you with a +0 dagger.
The orc wizard casts a spell at you. The puff of flame hits you!
* * * LOW HITPOINT WARNING * * *
You shoot an arrow.
The orc wizard hits you with a +0 dagger.
* * * LOW HITPOINT WARNING * * *
The orc wizard hits you with a +0 dagger.
* * * LOW HITPOINT WARNING * * *
The orc wizard completely misses you. The orc wizard barely misses you.
You shoot an arrow.
The orc wizard hits you with a +0 dagger.
* * * LOW HITPOINT WARNING * * *
The orc wizard hits you with a +0 dagger.
You die...

#.# #....#.##....#.... #.#
#.##.#..##.......# #.#
##.##.#...'.......' #.#
#..##.#..##.......#
#####.###.###.#.##....#....
##...#.....###.#..#..##'##.†
##..........#.<.##.#.##...##†
#.........)....)####.#######.
#...........@##.........)....
#.(.........oo.....#..####...
##..........#.........# #...
##...##...##..)...#### #)..
##########....).... #...
.......... #... ......<....
#... #........... ##..
#........... ..#.


You could see 2 orc wizards.

Vanquished Creatures
  Natasha (D:3)
  2 adders (D:3)
  2 worms (D:2)
  A dart slug (D:2)
  6 orcs (D:3)
  4 ball pythons
  6 bats
  2 endoplasms (D:3)
  2 giant cockroaches
  4 goblins
  3 hobgoblins
  3 jackals (D:1)
  4 kobolds
  2 quokkas
  2 frilled lizards
  5 rats
49 creatures vanquished.

Notes
Turn   | Place    | Note
-------+----------+-------------------------------------------
     0 | D:1      | Colgate the Formicid Hunter began the quest for the Orb.
     0 | D:1      | Reached XP level 1. HP: 16/16 MP: 1/1
    27 | D:1      | Found Deatuqoe's Book Shop.
   337 | D:1      | Found a faded altar of an unknown god.
   349 | D:1      | Prayed at the altar of an unknown god.
   349 | D:1      | Became a worshipper of Trog the Wrathful
   349 | D:1      | Reached * piety under Trog
   525 | D:1      | Reached XP level 2. HP: 23/23 MP: 2/2
   815 | D:2      | Reached skill level 3 in Fighting
   932 | D:2      | Identified the +0 robe of Lipliedi {Int+8}
   947 | D:2      | Reached XP level 3. HP: 29/29 MP: 3/3
  1764 | D:3      | Reached skill level 4 in Fighting
  1764 | D:3      | Reached XP level 4. HP: 33/36 MP: 4/4
  1892 | D:3      | Noticed Natasha
  1908 | D:3      | Killed Natasha
  1997 | D:3      | Reached ** piety under Trog
  2126 | D:3      | Reached skill level 5 in Fighting
  2126 | D:3      | Reached XP level 5. HP: 41/44 MP: 5/5
  2200 | D:3      | HP: 2/44 [orc wizard/+0 dagger (3)]
  2201 | D:3      | Slain by an orc wizard

Illustrated notes

Levels and vault maps discovered:
D:1:      sevenhm_arrival_forest_fort_small_3, layout_basic,
          shapermc_ecumenical_altar_acropolis, serial_shops, shop
D:2:      layout_loops_ring, minmay_octomino_j4
D:3:      layout_rooms, minmay_pentangle, uniq_natasha

Skill      XL: |  1  2  3  4 |
---------------+-------------+-----
Stealth        | 2 |  2.1
Fighting       | 3 4 5 |  5.1
Ranged Weapons | |  4.0
Dodging        | |  1.7

Action                   |  1- 3 |  4- 6 || total
-------------------------+-------+-------++-------
 Fire: Shortbow          |    84 |    58 ||   142
 Abil: Dig               |     1 |       ||     1
Armor: Leather armour    |    10 |     5 ||    15
Dodge: Dodged            |    19 |    16 ||    35
Block: Other             |     3 |     5 ||     8
